Maple Leafs vs Islanders (R2)

Created - April 3, 2021 at 21:20

Goals
1 2 3 T
Maple Leafs 0 1 0 1
Islanders 1 0 3 4
Shots
1 2 3 T
Maple Leafs 11 10 13 34
Islanders 7 8 18 33

1st period

1. Islanders , Evander Kane 41 (Vladimir Tarasenko 41) at 18:17 (SH)

Penalties :
Zac Rinaldo (NYI) for Holding (Minor) at 1:00, Fedor Tyutin (NYI) for Slashing (Minor) at 17:42

2nd period

2. Maple Leafs , Patrick Kane 47 (Claude Giroux 35) at 4:37 (PP)

Penalties :
R.J. Umberger (NYI) for Roughing (Minor) at 1:18, Fedor Tyutin (NYI) for Tripping (Minor) at 4:35, Jay Bouwmeester (NYI) for Holding Stick (Minor) at 5:37, Tomas Plekanec (NYI) for Holding (Minor) at 7:58, Jay Bouwmeester (NYI) for Roughing (Minor) at 8:57, Vladimir Tarasenko (NYI) for Holding Stick (Minor) at 13:40

3rd period

3. Islanders , Tomas Fleischmann 23 (Tomas Plekanec 13) at 10:42
4. Islanders , Jiri Hudler 13 (Ryan Ellis 65, Tomas Fleischmann 15) at 11:45 (PP)
5. Islanders , Ryan Ellis 10 (Evander Kane 51, Joe Thornton 41) at 11:53

Penalties :
Jonathan Quick (NYI) for Slashing (Double Minor) at 2:06 - Dustin Byfuglien served the penalty, Calvin de Haan (Tor) for Roughing (Minor) at 6:32, Jake Guentzel (Tor) for Interference (Minor) at 11:40, Jay Bouwmeester (NYI) for High sticking (Minor) at 13:23

Goalie Stats

Tyler Weiman (Tor), 29 saves from 33 shots - (0.879), L, 5-4-1, 60:00 minutes
Jonathan Quick (NYI), 33 saves from 34 shots - (0.971), W, 31-20-7, 60:00 minutes

Players Stats for Maple Leafs

Player Name              G  A  P  +/- PIM S  H  SB GA TA FO     MP     PP MP  PK MP  
------------------------------------------------------------------------------------
Andre Burakovsky         0  0  0  -1  0   2  0  0  0  0  0/0    10:51   0:00   0:00 
Beau Bennett             0  0  0  -1  0   0  2  0  1  0  1/2    10:51   0:00   0:00 
Ben Smith                0  0  0   0  0   0  4  0  0  0  0/0    17:02   8:09   0:00 
Blake Comeau             0  0  0   0  0   0  0  0  0  1  0/0     7:06   0:16   0:00 
Brayden Schenn           0  0  0  -1  0   5  1  0  0  0  17/28  19:30  10:14   0:28 
Braydon Coburn           0  0  0   0  0   2  1  0  0  2  0/0    21:42   8:12   0:45 
Calvin de Haan           0  0  0   0  2   1  0  0  0  0  0/0     9:35   0:00   0:00 
Chris Kelly              0  0  0   0  0   1  1  0  0  0  1/3     7:28   0:00   0:19 
Claude Giroux            0  1  1  -2  0   2  5  2  1  0  2/2    23:46  10:15   1:17 
Dany Heatley             0  0  0   0  0   0  1  0  0  0  0/0     7:53   0:29   0:19 
Hampus Lindholm          0  0  0   0  0   3  3  0  0  0  0/0    21:42   8:12   0:45 
Jake Guentzel            0  0  0   0  2   5  1  0  0  0  0/1    17:01   8:09   0:00 
John Klingberg           0  0  0  -3  0   3  5  1  0  0  0/0    28:55  10:41   1:19 
Kevin Shattenkirk        0  0  0  -3  0   3  2  4  2  1  0/0    28:55  10:41   1:19 
Logan Couture            0  0  0  -1  0   0  1  0  0  1  10/25  21:45   8:09   1:17 
Mika Zibanejad           0  0  0  -1  0   2  0  0  0  1  2/9    11:25   0:38   0:00 
Patrick Kane             1  0  1  -2  0   4  3  0  0  1  2/4    23:04  10:20   0:28 
Ryan Parent              0  0  0   0  0   1  1  1  0  0  0/0     9:23   0:00   0:00 

Players Stats for Islanders

Player Name              G  A  P  +/- PIM S  H  SB GA TA FO     MP     PP MP  PK MP  
------------------------------------------------------------------------------------
Adam Pineault            0  0  0   0  0   2  1  0  0  0  0/1    11:25   0:00   0:00 
Carl Klingberg           0  0  0   0  0   0  0  0  0  0  0/0     3:08   0:00   1:16 
Dustin Byfuglien         0  0  0   1  0   3  0  2  0  0  0/0    20:00   1:11   6:04 
Evander Kane             1  1  2   2  0   2  0  0  2  0  0/0    24:59   0:56  10:00 
Fedor Tyutin             0  0  0   1  4   0  1  1  0  0  1/1    27:08   0:53   9:31 
Jay Bouwmeester          0  0  0   1  6   3  0  2  1  1  0/0    18:22   1:11   4:48 
Jiri Hudler              1  0  1   1  0   3  2  0  1  0  1/1    12:45   1:08   0:00 
Joe Thornton             0  1  1   1  0   1  1  0  0  0  16/28  20:32   0:56   6:59 
Justin Falk              0  0  0   0  0   0  0  0  0  0  0/0     2:11   0:00   0:48 
R.J. Umberger            0  0  0   0  2   2  1  2  0  2  0/0    11:14   0:00   0:00 
Ryan Ellis               1  1  2   2  0   5  1  1  2  1  0/0    29:30   0:53  11:02 
T.J. Fast                0  0  0   0  0   0  0  0  0  0  0/0     9:05   0:00   0:00 
Tomas Fleischmann        1  1  2   1  0   5  1  0  0  0  3/3    18:44   1:08   5:54 
Tomas Kundratek          0  0  0   1  0   0  0  3  0  0  0/0    14:37   0:00   5:32 
Tomas Plekanec           0  1  1   1  2   0  0  1  0  0  7/14   13:48   1:08   0:33 
Vladimir Tarasenko       0  1  1   2  2   6  2  0  1  0  7/18   24:50   0:56   9:37 
Zac Dalpe                0  0  0   0  0   1  1  0  0  0  4/7    11:15   0:00   0:00 
Zac Rinaldo              0  0  0   0  2   0  1  0  0  0  0/1     6:25   0:00   2:27 

3 Stars

1 - Jonathan Quick (NYI)
2 - Ryan Ellis (NYI)
3 - Evander Kane (NYI)

Power Play

Maple Leafs - 1 on 10 Attempt(s) - 10.00%
Islanders - 1 on 2 Attempt(s) - 50.00%

Penalty Kill

Maple Leafs - 1 on 2 Attempt(s) - 50.00% - Score 0 goal in Penalty Kill
Islanders - 9 on 10 Attempt(s) - 90.00% - Score 1 goal in Penalty Kill

Team Stat

Maple Leafs - Hits : 31 - Faceoff Wins : 35 - Blocked Shots : 8 - Penalty Minutes : 4
Islanders - Hits : 12 - Faceoff Wins : 39 - Blocked Shots : 12 - Penalty Minutes : 22

Official

Referees : Unknown
Linesman : Unknown

Game Notes

No Game Note

Finance

Level 1 -- Attendance: 4935 (82.25%) -- Ticket Income $567,525
Level 2 -- Attendance: 4644 (92.88%) -- Ticket Income $301,860
Level 3 -- Attendance: 1673 (83.65%) -- Ticket Income $75,285
Level 4 -- Attendance: 2756 (68.90%) -- Ticket Income $96,460
Luxury Box -- Attendance: 834 (83.40%) -- Ticket Income $166,800
Game was played at the Barclay center.
Total Attendance: 14842 (82.46%)
Total Ticket Income: $1,207,930
Other Income: $181,190
Total Income: $1,389,120

Maple Leafs

5 vs 5 Forward 
   Center                   Left Wing                Right Wing               Time % Phy DF OF 
 1 Logan Couture            Claude Giroux            Patrick Kane             40     1   2  2  
 2 Brayden Schenn           Jake Guentzel            Ben Smith                30     1   2  2  
 3 Mika Zibanejad           Andre Burakovsky         Beau Bennett             20     1   2  2  
 4 Chris Kelly              Dany Heatley             Blake Comeau             10     1   2  2  

5 vs 5 Defense 
   Defense                  Defense                                           Time % Phy DF OF 
 1 Kevin Shattenkirk        John Klingberg                                    40     1   2  2  
 2 Braydon Coburn           Hampus Lindholm                                   30     1   2  2  
 3 Ryan Parent              Calvin de Haan                                    20     1   2  2  
 4 Kevin Shattenkirk        John Klingberg                                    10     1   2  2  

PowerPlay Forward 
   Center                   Left Wing                Right Wing               Time % Phy DF OF 
 1 Brayden Schenn           Claude Giroux            Patrick Kane             60     1   2  2  
 2 Logan Couture            Jake Guentzel            Ben Smith                40     1   2  2  

PowerPlay Defense
   Defense                  Defense                                           Time % Phy DF OF 
 1 Kevin Shattenkirk        John Klingberg                                    60     1   2  2  
 2 Braydon Coburn           Hampus Lindholm                                   40     1   2  2  

Penalty Kill 4 Players Forward 
   Center                   Wing                     Time % Phy DF OF 
 1 Logan Couture            Claude Giroux            60     1   2  2  
 2 Brayden Schenn           Patrick Kane             40     1   2  2  

Penalty Kill 4 Players Defense
   Defense                  Defense                  Time % Phy DF OF 
 1 Kevin Shattenkirk        John Klingberg           60     1   2  2  
 2 Braydon Coburn           Hampus Lindholm          40     1   2  2  

Penalty Kill - 3 Players Forward 
   Forward                                           Time % Phy DF OF 
 1 Brayden Schenn                                    60     1   2  2  
 2 Logan Couture                                     40     1   2  2  

Penalty Kill - 3 Players Defense
   Defense                  Defense                  Time % Phy DF OF 
 1 Kevin Shattenkirk        John Klingberg           60     1   2  2  
 2 Braydon Coburn           Hampus Lindholm          40     1   2  2  

4 vs 4 Forward 
   Center                   Wing                     Time % Phy DF OF 
 1 Logan Couture            Patrick Kane             60     1   2  2  
 2 Brayden Schenn           Claude Giroux            40     1   2  2  

4 vs 4 Defense
   Defense                  Defense                  Time % Phy DF OF 
 1 Kevin Shattenkirk        John Klingberg           60     1   2  2  
 2 Braydon Coburn           Hampus Lindholm          40     1   2  2  

Last Minutes Offensive
   Center                   Left Wing                Right Wing               Defense                  Defense                  
   Brayden Schenn           Claude Giroux            Patrick Kane             Kevin Shattenkirk        John Klingberg           

Last Minutes Defensive
   Center                   Left Wing                Right Wing               Defense                  Defense                  
   Brayden Schenn           Claude Giroux            Patrick Kane             Kevin Shattenkirk        Braydon Coburn           

Goaltenders
Starting : Tyler Weiman             
Backup : John Gibson              

Extra Forwards
Normal : Mika Zibanejad, Dany Heatley, Chris Kelly - PP : Mika Zibanejad, Dany Heatley - PK : Chris Kelly
Extra Defensemen
Normal : Ryan Parent, Calvin de Haan, Braydon Coburn - PP : Ryan Parent - PK : Calvin de Haan, Braydon Coburn
Penalty Shots
Claude Giroux, Patrick Kane, Brayden Schenn, Ben Smith, Logan Couture

Scratches
None

Islanders

5 vs 5 Forward 
   Center                   Left Wing                Right Wing               Time % Phy DF OF 
 1 Joe Thornton             Evander Kane             Vladimir Tarasenko       40     1   2  2  
 2 Tomas Plekanec           Tomas Fleischmann        Jiri Hudler              30     1   2  2  
 3 Zac Dalpe                R.J. Umberger            Adam Pineault            20     1   2  2  
 4 Vladimir Tarasenko       Zac Rinaldo              Evander Kane             10     1   2  2  

5 vs 5 Defense 
   Defense                  Defense                                           Time % Phy DF OF 
 1 Ryan Ellis               Fedor Tyutin                                      40     1   2  2  
 2 Jay Bouwmeester          Dustin Byfuglien                                  30     1   2  2  
 3 T.J. Fast                Tomas Kundratek                                   20     1   2  2  
 4 Justin Falk              Ryan Ellis                                        10     1   2  2  

PowerPlay Forward 
   Center                   Left Wing                Right Wing               Time % Phy DF OF 
 1 Joe Thornton             Evander Kane             Vladimir Tarasenko       60     1   2  2  
 2 Tomas Plekanec           Tomas Fleischmann        Jiri Hudler              40     1   2  2  

PowerPlay Defense
   Defense                  Defense                                           Time % Phy DF OF 
 1 Ryan Ellis               Fedor Tyutin                                      60     1   2  2  
 2 Jay Bouwmeester          Dustin Byfuglien                                  40     1   2  2  

Penalty Kill 4 Players Forward 
   Center                   Wing                     Time % Phy DF OF 
 1 Vladimir Tarasenko       Evander Kane             60     1   2  2  
 2 Joe Thornton             Tomas Fleischmann        40     1   2  2  

Penalty Kill 4 Players Defense
   Defense                  Defense                  Time % Phy DF OF 
 1 Ryan Ellis               Fedor Tyutin             60     1   2  2  
 2 Jay Bouwmeester          Dustin Byfuglien         40     1   2  2  

Penalty Kill - 3 Players Forward 
   Forward                                           Time % Phy DF OF 
 1 Vladimir Tarasenko                                60     1   2  2  
 2 Evander Kane                                      40     1   2  2  

Penalty Kill - 3 Players Defense
   Defense                  Defense                  Time % Phy DF OF 
 1 Ryan Ellis               Fedor Tyutin             60     1   2  2  
 2 Jay Bouwmeester          Dustin Byfuglien         40     1   2  2  

4 vs 4 Forward 
   Center                   Wing                     Time % Phy DF OF 
 1 Vladimir Tarasenko       Evander Kane             60     1   2  2  
 2 Joe Thornton             Tomas Fleischmann        40     1   2  2  

4 vs 4 Defense
   Defense                  Defense                  Time % Phy DF OF 
 1 Ryan Ellis               Fedor Tyutin             60     1   2  2  
 2 Jay Bouwmeester          Dustin Byfuglien         40     1   2  2  

Last Minutes Offensive
   Center                   Left Wing                Right Wing               Defense                  Defense                  
   Joe Thornton             Evander Kane             Vladimir Tarasenko       Ryan Ellis               Fedor Tyutin             

Last Minutes Defensive
   Center                   Left Wing                Right Wing               Defense                  Defense                  
   Joe Thornton             Evander Kane             Vladimir Tarasenko       Ryan Ellis               Fedor Tyutin             

Goaltenders
Starting : Jonathan Quick           
Backup : Julien Ellis             

Extra Forwards
Normal : Carl Klingberg, R.J. Umberger, Zac Rinaldo - PP : Carl Klingberg, R.J. Umberger - PK : Zac Rinaldo
Extra Defensemen
Normal : T.J. Fast, Tomas Kundratek, Justin Falk - PP : T.J. Fast - PK : Tomas Kundratek, Justin Falk
Penalty Shots
Vladimir Tarasenko, Evander Kane, Joe Thornton, Tomas Fleischmann, R.J. Umberger

Scratches
David Legwand (Head Injury), Maxim Talbot (Right Forearm Injury), Mike Brown (Healthy)

% Time on Ice - Maple Leafs

Lines # - Real PCT - Wanted PCT - Time Play
Normal Forward
1 - 32% - 40% - 12:29
2 - 23% - 30% - 8:53
3 - 28% - 20% - 10:51
4 - 17% - 10% - 6:50
Normal Defense
1 - 42% - 40% - 16:25
2 - 33% - 30% - 12:45
3 - 24% - 20% - 9:23
4 - 1% - 10% - 0:30
PP Forward
1 - 57% - 60% - 10:44
2 - 43% - 40% - 8:09
PP Defense
1 - 57% - 60% - 10:41
2 - 43% - 40% - 8:12
PK Forward
1 - 77% - 60% - 1:36
2 - 23% - 40% - 0:28
PK Defense
1 - 64% - 60% - 1:19
2 - 36% - 40% - 0:45
PK3 Forward
1 - 0% - 60%
2 - 0% - 40%
PK3 Defense
1 - 0% - 60%
2 - 0% - 40%
44 Forward
1 - 0% - 60%
2 - 0% - 40%
44 Defense
1 - 0% - 60%
2 - 0% - 40%
Last Minute Offensive  - 0:00
Last Minute Defensive  - 0:00
Total
Forward - 60:00
Defense - 60:00

% Time on Ice - Islanders

Lines # - Real PCT - Wanted PCT - Time Play
Normal Forward
1 - 35% - 40% - 13:29
2 - 30% - 30% - 11:42
3 - 29% - 20% - 11:15
4 - 7% - 10% - 2:37
Normal Defense
1 - 42% - 40% - 16:28
2 - 32% - 30% - 12:23
3 - 23% - 20% - 9:05
4 - 3% - 10% - 1:07
PP Forward
1 - 45% - 60% - 0:56
2 - 55% - 40% - 1:08
PP Defense
1 - 43% - 60% - 0:53
2 - 57% - 40% - 1:11
PK Forward
1 - 67% - 60% - 11:59
2 - 33% - 40% - 5:54
PK Defense
1 - 58% - 60% - 10:23
2 - 42% - 40% - 7:30
PK3 Forward
1 - 88% - 60% - 0:53
2 - 12% - 40% - 0:07
PK3 Defense
1 - 65% - 60% - 0:39
2 - 35% - 40% - 0:21
44 Forward
1 - 0% - 60%
2 - 0% - 40%
44 Defense
1 - 0% - 60%
2 - 0% - 40%
Last Minute Offensive  - 0:00
Last Minute Defensive  - 0:00
Total
Forward - 60:00
Defense - 60:00

Play-by-Play

1st period


0:01 of 1st period - Joe Thornton wins face-off versus Logan Couture in neutral zone.
0:11 of 1st period - Icing by Patrick Kane.
0:12 of 1st period - Logan Couture wins face-off versus Tomas Plekanec in Maple Leafs zone.
0:39 of 1st period - Wrist shot by Jake Guentzel.
0:39 of 1st period - Shot Misses the Net.
0:43 of 1st period - Snap shot by Jake Guentzel.
0:43 of 1st period - Stopped by Jonathan Quick without a rebound.
0:44 of 1st period - Mika Zibanejad wins face-off versus Joe Thornton in Islanders zone.
0:55 of 1st period - Wrist shot by Andre Burakovsky.
0:55 of 1st period - Stopped by Jonathan Quick without a rebound.
0:56 of 1st period - Chris Kelly wins face-off versus Vladimir Tarasenko in Islanders zone.
1:00 of 1st period - Minor Penalty to Zac Rinaldo for Holding.
1:01 of 1st period - Brayden Schenn wins face-off versus Vladimir Tarasenko in Islanders zone.
1:39 of 1st period - Snap shot by Kevin Shattenkirk.
1:39 of 1st period - Deflect By Ryan Ellis.
1:39 of 1st period - Stopped by Jonathan Quick with a rebound.
1:57 of 1st period - Wrist shot by Vladimir Tarasenko.
1:57 of 1st period - Stopped by Tyler Weiman without a rebound.
1:58 of 1st period - Logan Couture wins face-off versus Vladimir Tarasenko in Maple Leafs zone.
2:03 of 1st period - Snap shot by Jake Guentzel.
2:03 of 1st period - Stopped by Jonathan Quick without a rebound.
2:04 of 1st period - Vladimir Tarasenko wins face-off versus Logan Couture in Islanders zone.
2:16 of 1st period - Backhand shot by Braydon Coburn.
2:16 of 1st period - Shot Misses the Net.
2:20 of 1st period - Wrist shot by Jake Guentzel.
2:20 of 1st period - Stopped by Jonathan Quick with a rebound.
2:30 of 1st period - Snap shot by Evander Kane.
2:30 of 1st period - Shot Misses the Net.
3:00 of 1st period - Penalty to Zac Rinaldo is over, Zac Rinaldo is back on ice.
4:04 of 1st period - Slapshot by Adam Pineault.
4:04 of 1st period - Shot Blocked by Kevin Shattenkirk.
4:06 of 1st period - Backhand shot by Adam Pineault.
4:06 of 1st period - Deflect By R.J. Umberger.
4:06 of 1st period - Shot Misses the Net.
4:06 of 1st period - Puck is out of play.
4:07 of 1st period - Joe Thornton wins face-off versus Logan Couture in Maple Leafs zone.
4:34 of 1st period - Jay Bouwmeester is hit by Hampus Lindholm and loses puck.
5:13 of 1st period - Jiri Hudler is hit by Claude Giroux and loses puck.
6:06 of 1st period - Slapshot by Hampus Lindholm.
6:06 of 1st period - Deflect By Mika Zibanejad.
6:06 of 1st period - Stopped by Jonathan Quick with a rebound.
6:32 of 1st period - John Klingberg is hit by Zac Dalpe and loses puck.
6:43 of 1st period - Joe Thornton is hit by Logan Couture and loses puck.
7:22 of 1st period - Vladimir Tarasenko is hit by Dany Heatley.
8:23 of 1st period - Evander Kane is hit by John Klingberg and loses puck.
8:48 of 1st period - Slapshot by Kevin Shattenkirk.
8:48 of 1st period - Deflect By Mika Zibanejad.
8:48 of 1st period - Stopped by Jonathan Quick without a rebound.
8:49 of 1st period - Beau Bennett wins face-off versus Zac Dalpe in Islanders zone.
8:52 of 1st period - Wrist shot by Mika Zibanejad.
8:52 of 1st period - Shot Blocked by Tomas Kundratek.
9:24 of 1st period - Claude Giroux is hit by Jiri Hudler and loses puck.
9:39 of 1st period - Tomas Fleischmann is hit by Claude Giroux and loses puck.
10:16 of 1st period - Snap shot by Jiri Hudler.
10:16 of 1st period - Stopped by Tyler Weiman with a rebound.
10:18 of 1st period - Wrist shot by Jiri Hudler.
10:18 of 1st period - Shot Blocked by Claude Giroux.
10:24 of 1st period - Wrist shot by Jiri Hudler.
10:24 of 1st period - Shot Blocked by Claude Giroux.
10:36 of 1st period - Wrist shot by Jiri Hudler.
10:36 of 1st period - Stopped by Tyler Weiman without a rebound.
10:37 of 1st period - Brayden Schenn wins face-off versus Joe Thornton in Maple Leafs zone.
10:37 of 1st period - Brayden Schenn is hit by Vladimir Tarasenko.
11:16 of 1st period - Jay Bouwmeester is hit by Beau Bennett and loses puck.
11:29 of 1st period - Ryan Parent is hit by Zac Rinaldo and loses puck.
12:24 of 1st period - Snap shot by Chris Kelly.
12:24 of 1st period - Shot Misses the Net.
12:52 of 1st period - Snap shot by Ben Smith.
12:52 of 1st period - Deflect By Andre Burakovsky.
12:52 of 1st period - Shot Misses the Net.
12:52 of 1st period - Puck is out of play.
12:53 of 1st period - Joe Thornton wins face-off versus Mika Zibanejad in Islanders zone.
14:15 of 1st period - Snap shot by Andre Burakovsky.
14:15 of 1st period - Shot Blocked by R.J. Umberger.
14:17 of 1st period - Snap shot by Mika Zibanejad.
14:17 of 1st period - Shot Misses the Net.
14:31 of 1st period - Wrist shot by Kevin Shattenkirk.
14:31 of 1st period - Deflect By Ryan Ellis.
14:31 of 1st period - Stopped by Jonathan Quick with a rebound.
14:58 of 1st period - Joe Thornton is hit by Patrick Kane and loses puck.
15:42 of 1st period - Icing by Beau Bennett.
15:43 of 1st period - Joe Thornton wins face-off versus Brayden Schenn in Maple Leafs zone.
16:14 of 1st period - T.J. Fast is hit by Beau Bennett.
16:20 of 1st period - Wrist shot by Adam Pineault.
16:20 of 1st period - Stopped by Tyler Weiman with a rebound.
16:22 of 1st period - Wrist shot by Adam Pineault.
16:22 of 1st period - Stopped by Tyler Weiman without a rebound.
16:23 of 1st period - Joe Thornton wins face-off versus Logan Couture in Maple Leafs zone.
16:24 of 1st period - Wrist shot by Evander Kane.
16:24 of 1st period - Deflect By Vladimir Tarasenko.
16:24 of 1st period - Shot Blocked by John Klingberg.
16:24 of 1st period - Puck is out of play.
16:25 of 1st period - Joe Thornton wins face-off versus Logan Couture in Maple Leafs zone.
16:36 of 1st period - Joe Thornton is hit by Claude Giroux and loses puck.
17:06 of 1st period - Icing by Mika Zibanejad.
17:07 of 1st period - Jiri Hudler wins face-off versus Mika Zibanejad in Maple Leafs zone.
17:24 of 1st period - Tomas Fleischmann is hit by Kevin Shattenkirk and loses puck.
17:42 of 1st period - Minor Penalty to Fedor Tyutin for Slashing.
17:43 of 1st period - Vladimir Tarasenko wins face-off versus Brayden Schenn in Islanders zone.
17:53 of 1st period - Wrist shot by Brayden Schenn.
17:53 of 1st period - Shot Blocked by Tomas Kundratek.
17:55 of 1st period - Slapshot by Braydon Coburn.
17:55 of 1st period - Deflect By Ryan Ellis.
17:55 of 1st period - Stopped by Jonathan Quick with a rebound.
17:57 of 1st period - Backhand shot by Brayden Schenn.
17:57 of 1st period - Stopped by Jonathan Quick without a rebound.
17:58 of 1st period - Patrick Kane wins face-off versus Vladimir Tarasenko in Islanders zone.
17:59 of 1st period - Wrist shot by Brayden Schenn.
17:59 of 1st period - Stopped by Jonathan Quick without a rebound.
18:00 of 1st period - Vladimir Tarasenko wins face-off versus Brayden Schenn in Islanders zone.
18:13 of 1st period - Slapshot by Ryan Ellis.
18:13 of 1st period - Stopped by Tyler Weiman with a rebound.
18:15 of 1st period - Wrist shot by Vladimir Tarasenko.
18:15 of 1st period - Deflect By Evander Kane.
18:15 of 1st period - Shot Misses the Net.
18:15 of 1st period - Puck is out of play.
18:16 of 1st period - Vladimir Tarasenko wins face-off versus Brayden Schenn in Maple Leafs zone.
18:17 of 1st period - Snap shot by Evander Kane.
18:17 of 1st period - Goal by Evander Kane - Maple Leafs : 0 - Islanders : 1.
18:18 of 1st period - Brayden Schenn wins face-off versus Vladimir Tarasenko in neutral zone.
18:34 of 1st period - Tomas Kundratek is hit by Brayden Schenn and loses puck.
19:42 of 1st period - Penalty to Fedor Tyutin is over, Fedor Tyutin is back on ice.
19:53 of 1st period - Icing by Jay Bouwmeester.
19:54 of 1st period - Fedor Tyutin wins face-off versus Mika Zibanejad in Islanders zone.
Goals for this period are 0 for Maple Leafs vs 1 for Islanders.
Shots for this period are 11 for Maple Leafs vs 7 for Islanders.

2nd period


0:01 of 2nd period - Joe Thornton wins face-off versus Logan Couture in neutral zone.
0:12 of 2nd period - Snap shot by Claude Giroux.
0:12 of 2nd period - Stopped by Jonathan Quick without a rebound.
0:13 of 2nd period - Joe Thornton wins face-off versus Logan Couture in Islanders zone.
0:29 of 2nd period - Kevin Shattenkirk is hit by Ryan Ellis and loses puck.
1:10 of 2nd period - Slapshot by Hampus Lindholm.
1:10 of 2nd period - Shot Misses the Net.
1:12 of 2nd period - Wrist shot by Chris Kelly.
1:12 of 2nd period - Stopped by Jonathan Quick with a rebound.
1:18 of 2nd period - Minor Penalty to R.J. Umberger for Roughing.
1:19 of 2nd period - Vladimir Tarasenko wins face-off versus Patrick Kane in Islanders zone.
1:50 of 2nd period - Snap shot by Joe Thornton.
1:50 of 2nd period - Stopped by Tyler Weiman with a rebound.
1:52 of 2nd period - Wrist shot by Joe Thornton.
1:52 of 2nd period - Deflect By Tomas Fleischmann.
1:52 of 2nd period - Stopped by Tyler Weiman without a rebound.
1:53 of 2nd period - Joe Thornton wins face-off versus Brayden Schenn in Maple Leafs zone.
2:46 of 2nd period - Evander Kane is hit by John Klingberg.
3:18 of 2nd period - Penalty to R.J. Umberger is over, R.J. Umberger is back on ice.
4:00 of 2nd period - Wrist shot by Jiri Hudler.
4:00 of 2nd period - Deflect By Tomas Plekanec.
4:00 of 2nd period - Shot Misses the Net.
4:00 of 2nd period - Puck is out of play.
4:01 of 2nd period - Tomas Plekanec wins face-off versus Beau Bennett in Maple Leafs zone.
4:23 of 2nd period - Icing by John Klingberg.
4:24 of 2nd period - Logan Couture wins face-off versus Joe Thornton in Maple Leafs zone.
4:32 of 2nd period - John Klingberg is hit by Fedor Tyutin and loses puck.
4:35 of 2nd period - Minor Penalty to Fedor Tyutin for Tripping.
4:36 of 2nd period - Claude Giroux wins face-off versus Vladimir Tarasenko in Islanders zone.
4:37 of 2nd period - Slapshot by Patrick Kane.
4:37 of 2nd period - Goal by Patrick Kane - Maple Leafs : 1 - Islanders : 1.
4:38 of 2nd period - Joe Thornton wins face-off versus Logan Couture in neutral zone.
4:38 of 2nd period - Joe Thornton is hit by Claude Giroux.
4:46 of 2nd period - Wrist shot by Vladimir Tarasenko.
4:46 of 2nd period - Stopped by Tyler Weiman without a rebound.
4:47 of 2nd period - Logan Couture wins face-off versus Joe Thornton in Maple Leafs zone.
5:07 of 2nd period - Off-side.
5:08 of 2nd period - Brayden Schenn wins face-off versus Tomas Plekanec in neutral zone.
5:13 of 2nd period - Slapshot by Hampus Lindholm.
5:13 of 2nd period - Stopped by Jonathan Quick without a rebound.
5:14 of 2nd period - Brayden Schenn wins face-off versus Tomas Plekanec in Islanders zone.
5:19 of 2nd period - Wrist shot by Brayden Schenn.
5:19 of 2nd period - Shot Blocked by Jay Bouwmeester.
5:37 of 2nd period - Minor Penalty to Jay Bouwmeester for Holding Stick.
5:38 of 2nd period - Brayden Schenn wins face-off versus Vladimir Tarasenko in Islanders zone.
5:41 of 2nd period - Snap shot by Claude Giroux.
5:41 of 2nd period - Shot Misses the Net.
6:05 of 2nd period - Vladimir Tarasenko is hit by Jake Guentzel.
7:37 of 2nd period - Penalty to Jay Bouwmeester is over, Jay Bouwmeester is back on ice.
7:41 of 2nd period - Slapshot by Ryan Ellis.
7:41 of 2nd period - Stopped by Tyler Weiman without a rebound.
7:42 of 2nd period - Tomas Fleischmann wins face-off versus Mika Zibanejad in Maple Leafs zone.
7:49 of 2nd period - Slapshot by Beau Bennett.
7:49 of 2nd period - Shot Misses the Net.
7:51 of 2nd period - Snap shot by Ryan Parent.
7:51 of 2nd period - Stopped by Jonathan Quick with a rebound.
7:53 of 2nd period - Snap shot by Calvin de Haan.
7:53 of 2nd period - Deflect By Andre Burakovsky.
7:53 of 2nd period - Stopped by Jonathan Quick without a rebound.
7:54 of 2nd period - Brayden Schenn wins face-off versus Tomas Plekanec in Islanders zone.
7:58 of 2nd period - Minor Penalty to Tomas Plekanec for Holding.
7:59 of 2nd period - Brayden Schenn wins face-off versus Vladimir Tarasenko in Islanders zone.
8:31 of 2nd period - Slapshot by John Klingberg.
8:31 of 2nd period - Stopped by Jonathan Quick with a rebound.
8:57 of 2nd period - Minor Penalty to Jay Bouwmeester for Roughing.
8:58 of 2nd period - Brayden Schenn wins face-off versus Vladimir Tarasenko in Islanders zone.
9:11 of 2nd period - Slapshot by Claude Giroux.
9:11 of 2nd period - Stopped by Jonathan Quick without a rebound.
9:12 of 2nd period - Brayden Schenn wins face-off versus Vladimir Tarasenko in Islanders zone.
9:47 of 2nd period - Snap shot by Jake Guentzel.
9:47 of 2nd period - Shot Misses the Net.
9:58 of 2nd period - Penalty to Tomas Plekanec is over, Tomas Plekanec is back on ice.
10:45 of 2nd period - Slapshot by Vladimir Tarasenko.
10:45 of 2nd period - Stopped by Tyler Weiman without a rebound.
10:46 of 2nd period - Tomas Fleischmann wins face-off versus Logan Couture in Maple Leafs zone.
10:47 of 2nd period - Slapshot by Ryan Ellis.
10:47 of 2nd period - Shot Misses the Net.
10:57 of 2nd period - Penalty to Jay Bouwmeester is over, Jay Bouwmeester is back on ice.
11:09 of 2nd period - Snap shot by Zac Dalpe.
11:09 of 2nd period - Stopped by Tyler Weiman without a rebound.
11:10 of 2nd period - Zac Dalpe wins face-off versus Logan Couture in Maple Leafs zone.
11:13 of 2nd period - Snap shot by R.J. Umberger.
11:13 of 2nd period - Stopped by Tyler Weiman without a rebound.
11:14 of 2nd period - Logan Couture wins face-off versus Joe Thornton in Maple Leafs zone.
12:23 of 2nd period - Vladimir Tarasenko is hit by Hampus Lindholm and loses puck.
12:48 of 2nd period - Slapshot by Logan Couture.
12:48 of 2nd period - Deflect By Claude Giroux.
12:48 of 2nd period - Shot Blocked by Fedor Tyutin.
12:48 of 2nd period - Puck is out of play.
12:49 of 2nd period - Zac Dalpe wins face-off versus Patrick Kane in Islanders zone.
13:06 of 2nd period - Slapshot by Claude Giroux.
13:06 of 2nd period - Shot Blocked by Ryan Ellis.
13:12 of 2nd period - Snap shot by Claude Giroux.
13:12 of 2nd period - Shot Misses the Net.
13:14 of 2nd period - Wrist shot by Patrick Kane.
13:14 of 2nd period - Shot Misses the Net.
13:26 of 2nd period - Wrist shot by Patrick Kane.
13:26 of 2nd period - Shot Misses the Net.
13:34 of 2nd period - Wrist shot by Patrick Kane.
13:34 of 2nd period - Stopped by Jonathan Quick without a rebound.
13:35 of 2nd period - Brayden Schenn wins face-off versus Joe Thornton in Islanders zone.
13:36 of 2nd period - Wrist shot by Jake Guentzel.
13:36 of 2nd period - Deflect By Joe Thornton.
13:36 of 2nd period - Shot Blocked by Tomas Kundratek.
13:36 of 2nd period - Puck is out of play.
13:37 of 2nd period - Brayden Schenn wins face-off versus Joe Thornton in Islanders zone.
13:38 of 2nd period - Wrist shot by Jake Guentzel.
13:38 of 2nd period - Shot Misses the Net.
13:40 of 2nd period - Minor Penalty to Vladimir Tarasenko for Holding Stick.
13:41 of 2nd period - Brayden Schenn wins face-off versus Zac Rinaldo in Islanders zone.
15:40 of 2nd period - Penalty to Vladimir Tarasenko is over, Vladimir Tarasenko is back on ice.
15:52 of 2nd period - Fedor Tyutin is hit by Chris Kelly and loses puck.
16:02 of 2nd period - Off-side.
16:03 of 2nd period - Zac Dalpe wins face-off versus Mika Zibanejad in neutral zone.
16:06 of 2nd period - Snap shot by Dustin Byfuglien.
16:06 of 2nd period - Deflect By Mika Zibanejad.
16:06 of 2nd period - Stopped by Tyler Weiman with a rebound.
16:28 of 2nd period - Vladimir Tarasenko is hit by Ryan Parent and loses puck.
16:33 of 2nd period - Slapshot by Hampus Lindholm.
16:33 of 2nd period - Stopped by Jonathan Quick without a rebound.
16:34 of 2nd period - Joe Thornton wins face-off versus Logan Couture in Islanders zone.
16:34 of 2nd period - Joe Thornton is hit by Claude Giroux.
17:00 of 2nd period - Hampus Lindholm is hit by Adam Pineault and loses puck.
17:42 of 2nd period - Hampus Lindholm is hit by Vladimir Tarasenko.
18:30 of 2nd period - Snap shot by Ben Smith.
18:30 of 2nd period - Shot Misses the Net.
Goals for this period are 1 for Maple Leafs vs 0 for Islanders.
Shots for this period are 10 for Maple Leafs vs 8 for Islanders.

3rd period


0:01 of 3rd period - Logan Couture wins face-off versus Joe Thornton in neutral zone.
0:12 of 3rd period - Slapshot by Patrick Kane.
0:12 of 3rd period - Stopped by Jonathan Quick with a rebound.
0:26 of 3rd period - Ryan Ellis is hit by Kevin Shattenkirk.
0:34 of 3rd period - Snap shot by Vladimir Tarasenko.
0:34 of 3rd period - Stopped by Tyler Weiman with a rebound.
0:48 of 3rd period - Wrist shot by Brayden Schenn.
0:48 of 3rd period - Shot Blocked by Jay Bouwmeester.
0:50 of 3rd period - Slapshot by Calvin de Haan.
0:50 of 3rd period - Deflect By Jake Guentzel.
0:50 of 3rd period - Shot Misses the Net.
0:50 of 3rd period - Puck is out of play.
0:51 of 3rd period - Tomas Plekanec wins face-off versus Jake Guentzel in Islanders zone.
0:58 of 3rd period - Wrist shot by Brayden Schenn.
0:58 of 3rd period - Shot Misses the Net.
1:06 of 3rd period - Slapshot by Jake Guentzel.
1:06 of 3rd period - Stopped by Jonathan Quick without a rebound.
1:07 of 3rd period - Zac Dalpe wins face-off versus Logan Couture in Islanders zone.
1:19 of 3rd period - Icing by John Klingberg.
1:20 of 3rd period - Logan Couture wins face-off versus Joe Thornton in Maple Leafs zone.
1:29 of 3rd period - Evander Kane is hit by Patrick Kane and loses puck.
1:36 of 3rd period - Snap shot by Patrick Kane.
1:36 of 3rd period - Shot Misses the Net.
1:46 of 3rd period - Snap shot by Claude Giroux.
1:46 of 3rd period - Shot Misses the Net.
1:48 of 3rd period - Slapshot by John Klingberg.
1:48 of 3rd period - Deflect By Claude Giroux.
1:48 of 3rd period - Shot Blocked by Tomas Plekanec.
1:48 of 3rd period - Puck is out of play.
1:49 of 3rd period - Brayden Schenn wins face-off versus Tomas Plekanec in Islanders zone.
1:58 of 3rd period - Wrist shot by Jake Guentzel.
1:58 of 3rd period - Shot Misses the Net.
2:00 of 3rd period - Slapshot by Calvin de Haan.
2:00 of 3rd period - Shot Blocked by Dustin Byfuglien.
2:02 of 3rd period - Slapshot by Brayden Schenn.
2:02 of 3rd period - Shot Misses the Net.
2:06 of 3rd period - Snap shot by Brayden Schenn.
2:06 of 3rd period - Stopped by Jonathan Quick without a rebound.
2:06 of 3rd period - Double Minor Penalty to Jonathan Quick for Slashing.
2:07 of 3rd period - Vladimir Tarasenko wins face-off versus Brayden Schenn in Islanders zone.
2:37 of 3rd period - Slapshot by Ryan Ellis.
2:37 of 3rd period - Stopped by Tyler Weiman with a rebound.
2:51 of 3rd period - Jay Bouwmeester is hit by John Klingberg and loses puck.
3:19 of 3rd period - Slapshot by Kevin Shattenkirk.
3:19 of 3rd period - Shot Misses the Net.
3:21 of 3rd period - Slapshot by John Klingberg.
3:21 of 3rd period - Stopped by Jonathan Quick with a rebound.
3:23 of 3rd period - Slapshot by Kevin Shattenkirk.
3:23 of 3rd period - Stopped by Jonathan Quick without a rebound.
3:24 of 3rd period - Joe Thornton wins face-off versus Brayden Schenn in Islanders zone.
3:35 of 3rd period - Backhand shot by Braydon Coburn.
3:35 of 3rd period - Stopped by Jonathan Quick with a rebound.
3:37 of 3rd period - Snap shot by Patrick Kane.
3:37 of 3rd period - Stopped by Jonathan Quick without a rebound.
3:38 of 3rd period - Claude Giroux wins face-off versus Joe Thornton in Islanders zone.
3:41 of 3rd period - Snap shot by Patrick Kane.
3:41 of 3rd period - Shot Misses the Net.
4:45 of 3rd period - Off-side.
4:46 of 3rd period - Logan Couture wins face-off versus Vladimir Tarasenko in neutral zone.
6:06 of 3rd period - Penalty to Dustin Byfuglien is over, Dustin Byfuglien is back on ice.
6:10 of 3rd period - Fedor Tyutin is hit by Braydon Coburn and loses puck.
6:32 of 3rd period - Minor Penalty to Calvin de Haan for Roughing.
6:33 of 3rd period - Logan Couture wins face-off versus Tomas Plekanec in Maple Leafs zone.
7:29 of 3rd period - Slapshot by Hampus Lindholm.
7:29 of 3rd period - Stopped by Jonathan Quick without a rebound.
7:30 of 3rd period - Joe Thornton wins face-off versus Chris Kelly in Islanders zone.
7:53 of 3rd period - Claude Giroux is hit by Jiri Hudler and loses puck.
8:32 of 3rd period - Penalty to Calvin de Haan is over, Calvin de Haan is back on ice.
8:44 of 3rd period - Snap shot by Calvin de Haan.
8:44 of 3rd period - Stopped by Jonathan Quick without a rebound.
8:45 of 3rd period - Brayden Schenn wins face-off versus Zac Dalpe in Islanders zone.
8:50 of 3rd period - Snap shot by Jake Guentzel.
8:50 of 3rd period - Stopped by Jonathan Quick with a rebound.
8:52 of 3rd period - Snap shot by Brayden Schenn.
8:52 of 3rd period - Stopped by Jonathan Quick with a rebound.
8:54 of 3rd period - Snap shot by Brayden Schenn.
8:54 of 3rd period - Shot Blocked by R.J. Umberger.
9:00 of 3rd period - Snap shot by Jake Guentzel.
9:00 of 3rd period - Shot Misses the Net.
9:02 of 3rd period - Snap shot by Brayden Schenn.
9:02 of 3rd period - Stopped by Jonathan Quick without a rebound.
9:03 of 3rd period - Logan Couture wins face-off versus Joe Thornton in Islanders zone.
9:36 of 3rd period - Slapshot by Dustin Byfuglien.
9:36 of 3rd period - Stopped by Tyler Weiman with a rebound.
9:38 of 3rd period - Snap shot by Evander Kane.
9:38 of 3rd period - Shot Misses the Net.
9:40 of 3rd period - Wrist shot by Jay Bouwmeester.
9:40 of 3rd period - Stopped by Tyler Weiman with a rebound.
9:42 of 3rd period - Slapshot by Jay Bouwmeester.
9:42 of 3rd period - Stopped by Tyler Weiman with a rebound.
9:44 of 3rd period - Wrist shot by Joe Thornton.
9:44 of 3rd period - Shot Misses the Net.
9:46 of 3rd period - Slapshot by Vladimir Tarasenko.
9:46 of 3rd period - Stopped by Tyler Weiman with a rebound.
9:56 of 3rd period - Andre Burakovsky is hit by Joe Thornton.
9:57 of 3rd period - Icing by Andre Burakovsky.
9:58 of 3rd period - Tomas Plekanec wins face-off versus Mika Zibanejad in Maple Leafs zone.
10:11 of 3rd period - John Klingberg is hit by Tomas Fleischmann and loses puck.
10:24 of 3rd period - Kevin Shattenkirk is hit by R.J. Umberger and loses puck.
10:29 of 3rd period - Snap shot by Zac Dalpe.
10:29 of 3rd period - Shot Misses the Net.
10:31 of 3rd period - Wrist shot by Adam Pineault.
10:31 of 3rd period - Shot Blocked by Kevin Shattenkirk.
10:33 of 3rd period - Snap shot by Dustin Byfuglien.
10:33 of 3rd period - Stopped by Tyler Weiman with a rebound.
10:40 of 3rd period - Icing by Kevin Shattenkirk.
10:41 of 3rd period - Tomas Plekanec wins face-off versus Mika Zibanejad in Maple Leafs zone.
10:42 of 3rd period - Wrist shot by Tomas Fleischmann.
10:42 of 3rd period - Goal by Tomas Fleischmann - Maple Leafs : 1 - Islanders : 2.
10:43 of 3rd period - Patrick Kane wins face-off versus Joe Thornton in neutral zone.
11:03 of 3rd period - Joe Thornton is hit by Hampus Lindholm.
11:27 of 3rd period - Snap shot by Vladimir Tarasenko.
11:27 of 3rd period - Shot Misses the Net.
11:31 of 3rd period - Snap shot by Evander Kane.
11:31 of 3rd period - Shot Blocked by Ryan Parent.
11:33 of 3rd period - Slapshot by Vladimir Tarasenko.
11:33 of 3rd period - Stopped by Tyler Weiman without a rebound.
11:34 of 3rd period - Tomas Plekanec wins face-off versus Brayden Schenn in Maple Leafs zone.
11:40 of 3rd period - Minor Penalty to Jake Guentzel for Interference.
11:41 of 3rd period - Tomas Plekanec wins face-off versus Logan Couture in Maple Leafs zone.
11:41 of 3rd period - Wrist shot by Tomas Fleischmann.
11:41 of 3rd period - Shot Misses the Net.
11:43 of 3rd period - Slapshot by Ryan Ellis.
11:43 of 3rd period - Stopped by Tyler Weiman with a rebound.
11:45 of 3rd period - Snap shot by Jiri Hudler.
11:45 of 3rd period - Goal by Jiri Hudler - Maple Leafs : 1 - Islanders : 3.
11:46 of 3rd period - Joe Thornton wins face-off versus Logan Couture in neutral zone.
11:53 of 3rd period - Snap shot by Ryan Ellis.
11:53 of 3rd period - Goal by Ryan Ellis - Maple Leafs : 1 - Islanders : 4.
11:54 of 3rd period - Joe Thornton wins face-off versus Logan Couture in neutral zone.
12:43 of 3rd period - Wrist shot by Zac Dalpe.
12:43 of 3rd period - Shot Misses the Net.
12:45 of 3rd period - Slapshot by Jay Bouwmeester.
12:45 of 3rd period - Shot Misses the Net.
12:47 of 3rd period - Wrist shot by Jay Bouwmeester.
12:47 of 3rd period - Shot Misses the Net.
12:49 of 3rd period - Wrist shot by R.J. Umberger.
12:49 of 3rd period - Stopped by Tyler Weiman with a rebound.
12:51 of 3rd period - Snap shot by Zac Dalpe.
12:51 of 3rd period - Shot Misses the Net.
12:53 of 3rd period - Wrist shot by Dustin Byfuglien.
12:53 of 3rd period - Shot Blocked by Kevin Shattenkirk.
13:15 of 3rd period - Wrist shot by Dany Heatley.
13:15 of 3rd period - Shot Blocked by Dustin Byfuglien.
13:17 of 3rd period - Slapshot by John Klingberg.
13:17 of 3rd period - Stopped by Jonathan Quick with a rebound.
13:23 of 3rd period - Minor Penalty to Jay Bouwmeester for High sticking.
13:24 of 3rd period - Vladimir Tarasenko wins face-off versus Brayden Schenn in Islanders zone.
13:51 of 3rd period - Ryan Ellis is hit by Ben Smith and loses puck.
14:34 of 3rd period - Evander Kane is hit by John Klingberg and loses puck.
15:23 of 3rd period - Penalty to Jay Bouwmeester is over, Jay Bouwmeester is back on ice.
15:23 of 3rd period - Dustin Byfuglien is hit by Patrick Kane and loses puck.
15:38 of 3rd period - Wrist shot by Zac Dalpe.
15:38 of 3rd period - Deflect By Adam Pineault.
15:38 of 3rd period - Shot Misses the Net.
15:38 of 3rd period - Puck is out of play.
15:39 of 3rd period - Mika Zibanejad wins face-off versus Adam Pineault in Maple Leafs zone.
16:23 of 3rd period - Icing by Tomas Kundratek.
16:24 of 3rd period - Joe Thornton wins face-off versus Brayden Schenn in Islanders zone.
16:37 of 3rd period - T.J. Fast is hit by Ben Smith and loses puck.
17:31 of 3rd period - Evander Kane is hit by John Klingberg and loses puck.
17:38 of 3rd period - Snap shot by Blake Comeau.
17:38 of 3rd period - Shot Misses the Net.
17:56 of 3rd period - Off-side.
17:57 of 3rd period - Brayden Schenn wins face-off versus Zac Dalpe in neutral zone.
18:00 of 3rd period - Ryan Ellis is hit by Ben Smith.
18:27 of 3rd period - Snap shot by Evander Kane.
18:27 of 3rd period - Stopped by Tyler Weiman with a rebound.
18:29 of 3rd period - Slapshot by Jay Bouwmeester.
18:29 of 3rd period - Shot Blocked by Kevin Shattenkirk.
18:31 of 3rd period - Slapshot by Jay Bouwmeester.
18:31 of 3rd period - Stopped by Tyler Weiman without a rebound.
18:32 of 3rd period - Tomas Plekanec wins face-off versus Brayden Schenn in Maple Leafs zone.
18:35 of 3rd period - Snap shot by Tomas Fleischmann.
18:35 of 3rd period - Stopped by Tyler Weiman with a rebound.
18:37 of 3rd period - Wrist shot by Tomas Fleischmann.
18:37 of 3rd period - Stopped by Tyler Weiman without a rebound.
18:38 of 3rd period - Brayden Schenn wins face-off versus Tomas Plekanec in Maple Leafs zone.
18:47 of 3rd period - Tomas Plekanec is hit by Ben Smith.
19:50 of 3rd period - Snap shot by Tomas Fleischmann.
19:50 of 3rd period - Stopped by Tyler Weiman without a rebound.
19:51 of 3rd period - Tomas Fleischmann wins face-off versus Chris Kelly in Maple Leafs zone.
19:58 of 3rd period - Snap shot by Tomas Plekanec.
19:58 of 3rd period - Shot Misses the Net.
Goals for this period are 0 for Maple Leafs vs 3 for Islanders.
Shots for this period are 13 for Maple Leafs vs 18 for Islanders. Output by the SimonT Hockey Simulator (STHS) for Francois Prevost - Original Page W3C HTML5 Valid
Hockey Simulator - Hockey Simulation - Hockey Manager